 Dungeon Crawl Stone Soup version 0.28-b1-1-g3c77fb2ed1 (webtiles) character file.

Game seed: 17544815493941497181

3863 LustLizard the Chopper (level 9, -9/78 HPs)
             Began as a Minotaur Gladiator on Jan 30, 2022.
             Was a Priest of Okawaru.
             Mangled by a catoblepas (14 damage)
             ... while petrified by a catoblepas
             ... on level 8 of the Dungeon.
             The game lasted 00:17:45 (8471 turns).

LustLizard the Chopper (Minotaur Gladiator)         Turns: 8471, Time: 00:17:45

Health: -9/78      AC: 12    Str: 22    XL:     9   Next: 99%
Magic:  9/10       EV:  2    Int: 15    God:    Okawaru [***...]
Gold:   311        SH:  0    Dex: 11    Spells: 5/8 levels left

rFire   . . .      SeeInvis .   K - +1 whip "Ogrebane" {holy, Fragile rElec Int+8 Stlth+}
rCold   . . .      Faith    .   k - orb {light}
rNeg    + + +      Spirit   .   x - +2 ring mail {Will+}
rPois   ∞          Reflect  .   c - +0 hat
rElec   +          Harm     .   q - +0 cloak
rCorr   .          Rampage  .   F - +2 pair of gloves
Will    +....                   (no boots)
Stlth   +.........              (no amulet)
HPRegen 0.23/turn               (no ring)
MPRegen 0.12/turn               (no ring)

@: petrified, heroic, glowing
A: horns 2, retaliatory headbutt
a: Renounce Religion, Heroism


You were on level 8 of the Dungeon.
You worshipped Okawaru.
Okawaru was most pleased with you.
You visited 2 branches of the dungeon, and saw 9 of its levels.

You collected 506 gold pieces.
You spent 195 gold pieces at shops.

Inventory:

Hand Weapons
 a - a +0 war axe
 w - a +6 flail of draining
 K - the +1 whip "Ogrebane" (weapon) {holy, Fragile rElec Int+8 Stlth+}
   (You bought it in a shop on level 2 of the Dungeon)

   It has been blessed by the Shining One to cause great damage to the undead
   and demons.
   Int:       It affects your intelligence (+8).
   rElec:     It insulates you from electricity.
   Fragile:   It will be destroyed if unequipped.
   Stlth:     It makes you more stealthy.
Missiles
 d - 3 throwing nets
 f - 87 stones (quivered)
 n - 12 poisoned darts
 r - 3 curare-tipped darts
 E - 4 boomerangs
 L - 2 boomerangs of dispersal
Armour
 b - a +0 leather armour
 c - a +0 hat (worn)
 i - a +0 leather armour of poison resistance
 k - an orb of light (worn)
 q - a +0 cloak (worn)
 x - a +2 ring mail of willpower (worn)
 F - a +2 pair of gloves (worn)
Jewellery
 B - a ring of magical power
Wands
 s - a wand of flame (37)
 u - a wand of iceblast (20)
 J - a wand of paralysis (4)
Scrolls
 e - 3 scrolls of teleportation
 h - a scroll of amnesia
 j - a scroll of fog {unknown}
 l - 3 scrolls of blinking {unknown}
 o - 3 scrolls of enchant armour {unknown}
 t - 2 scrolls of magic mapping {unknown}
 y - a scroll of silence
 z - 2 scrolls of noise
 D - a scroll of torment
 G - 2 scrolls of enchant weapon {unknown}
 M - a scroll of immolation {unknown}
Potions
 g - 2 potions of invisibility
 m - a potion of brilliance
 p - 2 potions of flight
 v - a potion of mutation
 A - a potion of ambrosia
 C - 2 potions of degeneration
 H - 3 potions of curing
 I - a potion of heal wounds


   Skills:
 + Level 6.7(11.7) Fighting
 - Level 7.8(13.6) Axes
 * Level 5.6(12.5) Maces & Flails
 * Level 7.8(12.8) Throwing
 - Level 3.2(8.2) Dodging
 * Level 4.7 Air Magic
 + Level 3.1 Invocations
 + Level 2.8 Evocations


You had 5 spell levels left.
You knew the following spells:

 Your Spells              Type           Power      Damage    Failure   Level
a - Swiftness             Air            14%        N/A       19%         3

Your spell library contained the following spells:

 Spells                   Type           Power      Damage    Failure   Level
 Shock                    Conj/Air       28%        1d4       16%         1
 Airstrike                Air            7%         N/A       52%         4
 Dazzling Flash           Conj/Hex       0%         N/A       77%         3
 Gell's Gravitas          Tloc           0%         N/A       77%         3
 Portal Projectile        Hex/Tloc       0%         N/A       77%         3
 Teleport Other           Tloc           0%         N/A       77%         3
 Silence                  Hex/Air        3%         N/A       99%         5
 Agony                    Necr           0%         N/A       100%        5
 Blade Hands              Tmut           0%         N/A       100%        5
 Excruciating Wounds      Necr           0%         N/A       100%        5
 Dispersal                Tloc           0%         N/A       100%        6


Dungeon Overview and Level Annotations

Branches:
Dungeon (8/15)             Temple (1/1) D:5            Lair (0/6) D:8

Altars:
Dithmenos
Elyvilon
Fedhas
Gozag
Kikubaaqudgha
Nemelex Xobeh
Okawaru
Ru
Sif Muna
Trog
Uskayaw
Vehumet
Xom
Yredelemnul
Zin
The Shining One

Shops:
D:2 (   D:3 *   D:6 ?   D:8 *


Innate Abilities, Weirdness & Mutations

You have a pair of horns on your head.
You reflexively headbutt those who attack you in melee.


Message History

There is an open door here.
M - a scroll labelled UNLOAH KINIRET You open the door.
There is an open door here.
You now have 311 gold pieces (gained 18).
A catoblepas comes into view.
The catoblepas bellows!
The catoblepas barely misses you.
You hit the catoblepas.
You headbutt the catoblepas, but do no damage.
The catoblepas is lightly wounded.
The catoblepas gores you!!
You hit the catoblepas but do no damage.
The catoblepas is lightly wounded.
The catoblepas gores you!!
You hit the catoblepas but do no damage.
The catoblepas is lightly wounded.
You hit the catoblepas.
The catoblepas is lightly wounded.
The catoblepas breathes a plume of calcifying dust at you.
The blast of calcifying dust hits you.
You gain the combat prowess of a mighty hero.
You are engulfed in calcifying dust.
You are slowing down.
The catoblepas gores you but does no damage.
The catoblepas gores you!!
* * * LOW HITPOINT WARNING * * *
The catoblepas gores you.
* * * LOW HITPOINT WARNING * * *
Your limbs are stiffening.
You hit the catoblepas but do no damage.
The catoblepas is lightly wounded.
You have turned to stone.
The catoblepas gores you but does no damage.
The catoblepas barely misses you. The catoblepas gores you.
The catoblepas gores you!
* * * LOW HITPOINT WARNING * * *
The catoblepas gores you!!
You die...

## #.. #.# #.#
##########.#
##### ###
#.....Y@...###...
..#
#.#####........#
#.# #.#..#...## #
#.#
#.#.......##.#
#.#
#.#..........#
#.#
#.#####...####
#.# #.#
#........## #.#
#.# #######.##
#.# #.# ##'##


You could see a catoblepas.

Vanquished Creatures
  An oklob plant (D:6)
  A wyvern (D:6)
  Edmund (D:5)
  Duvessa (D:6)
  An acid dragon (D:8)
  3 sky beasts
  4 black bears
  2 orc warriors
  A necrophage (D:6)
  An ogre (D:5)
  A centaur (D:8)
  A phantom (D:5)
  A gnoll sergeant (D:5)
  A bullfrog (D:6)
  A scorpion (D:6)
  A wyvern zombie (D:7)
  A wyvern skeleton (D:6)
  Dowan (D:6)
  A howler monkey (D:6)
  3 wights (D:8)
  6 jellies (D:6)
  2 centaur skeletons
  A centaur zombie (D:5)
  6 orc priests
  4 hounds
  Crazy Yiuf (D:4)
  An iguana (D:6)
  Terence (D:2)
  15 orc wizards
  A killer bee zombie (D:7)
  2 hound skeletons
  5 gnolls (D:5)
  6 adders
  An adder skeleton (D:4)
  3 worms
  4 dart slugs
  19 orcs
  6 ball pythons
  20 endoplasms
  4 giant cockroaches
  9 goblins
  8 hobgoblins
  2 quokkas
  4 bats
  5 frilled lizards
  7 kobolds
  6 rats
177 creatures vanquished.

Vanquished Creatures (others)
  6 fungi (D:6)
6 creatures vanquished.

Grand Total: 183 creatures vanquished

Notes
Turn   | Place    | Note
-------+----------+-------------------------------------------
     0 | D:1      | LustLizard the Minotaur Gladiator began the quest for the
                  | Orb.
     0 | D:1      | Reached XP level 1. HP: 18/18 MP: 0/0
   157 | D:1      | Reached XP level 2. HP: 20/25 MP: 1/1
   844 | D:1      | Reached XP level 3. HP: 30/30 MP: 2/2
  1339 | D:2      | Found Rexocush's Antique Weapon Shoppe.
  1356 | D:2      | Found a faded altar of an unknown god.
  1537 | D:2      | Reached XP level 4. HP: 22/38 MP: 3/3
  1834 | D:2      | Noticed Terence
  1844 | D:2      | Killed Terence
  2267 | D:3      | Found Yhyplome's Assorted Antiques.
  2279 | D:3      | Reached skill level 5 in Axes
  2406 | D:3      | Reached XP level 5. HP: 41/45 MP: 4/4
  3135 | D:3      | Found a sparkling altar of Nemelex Xobeh.
  3283 | D:3      | You fall into a shaft and drop 1 floor!
  3299 | D:4      | Noticed a black bear
  3306 | D:4      | Killed a black bear
  3307 | D:4      | Reached XP level 6. HP: 36/52 MP: 5/5
  3421 | D:4      | Found a runed translucent door.
  3422 | D:4      | Noticed Crazy Yiuf
  3869 | D:4      | Learned a level 3 spell: Swiftness
  4105 | D:4      | Killed Crazy Yiuf
  4335 | D:5      | Entered Level 5 of the Dungeon
  4356 | D:5      | Noticed Edmund
  4374 | D:5      | Killed Edmund
  4375 | D:5      | Reached skill level 1 in Air Magic
  4404 | D:5      | Reached skill level 5 in Throwing
  4404 | D:5      | Reached XP level 7. HP: 59/60 MP: 6/6
  4404 | D:5      | Found a staircase to the Ecumenical Temple.
  4465 | Temple   | Entered the Ecumenical Temple
  4639 | Temple   | Became a worshipper of Warmaster Okawaru
  5073 | D:5      | Reached * piety under Okawaru
  5074 | D:5      | Reached skill level 5 in Fighting
  5207 | D:5      | Reached XP level 8. HP: 61/68 MP: 7/7
  5582 | D:6      | Noticed Duvessa
  5582 | D:6      | Noticed Dowan
  5584 | D:6      | Killed Duvessa
  5589 | D:6      | Killed Dowan
  5808 | D:6      | Reached skill level 1 in Maces & Flails
  6008 | D:6      | Reached skill level 1 in Invocations
  6008 | D:6      | Reached skill level 1 in Evocations
  6060 | D:6      | Found Tosule's Magic Scroll Emporium.
  6091 | D:6      | Reached ** piety under Okawaru
  6345 | D:6      | Reached XP level 9. HP: 75/75 MP: 9/9
  6498 | D:6      | Noticed an oklob plant
  7107 | D:6      | Killed an oklob plant
  7615 | D:7      | Reached *** piety under Okawaru
  7672 | D:7      | Reached skill level 5 in Maces & Flails
  7964 | D:8      | Found Zin's Purification Station.
  7990 | D:8      | Found a glowing silver altar of Zin.
  8115 | D:2      | Bought a masterwork whip for 195 gold pieces
  8115 | D:2      | Identified the +1 whip "Ogrebane" {holy, Fragile rElec
                  | Int+8 Stlth+} (You bought it in a shop on level 2 of the
                  | Dungeon)
  8374 | D:8      | Found a staircase to the Lair.
  8384 | D:8      | Received a gift from Okawaru
  8456 | D:8      | Noticed a catoblepas
  8471 | D:8      | Mangled by a catoblepas

Illustrated notes

Levels and vault maps discovered:
D:1:      amcnicky_arrival_double_pillar, layout_loops_corners
D:2:      layout_loops_ring, shapermc_ecumenical_altar_ellora, serial_shops,
          nicolae_shop_trees, uniq_terence
D:3:      layout_loops_corners, nemelex_diamond_rough_becter, serial_shops,
          shop, kennysheep_path_1, mrwooster_statue_mirror, chequers_mini_garden
D:4:      layout_basic, uniq_crazy_yiuf_cottage
D:5:      layout_cave_pools, minmay_temple_entry_arrows,
          chequers_serial_rivers_room_b, eino_small_chamber_without_monster,
          chequers_jeans, grunt_decor_arrowhead, amethyst_killhole,
          hangedman_decor_points, uniq_edmund
D:6:      lemuel_slime, layout_loops_ring, nicolae_take_the_stairs,
          hangedman_decor_peaks_small, roderic_roman_lattice,
          kennysheep_nondescript, kennysheep_generic_room_10, uniq_duvessa
D:7:      minmay_flawed_box, layout_cave_pools, nrook_mini_vaults,
          kennysheep_another_room
D:8:      layout_loops_corners, zin_purify, lair_entry_dummy
Temple:   mainiacjoe_temple_big_plus

Skill      XL: |  1  2  3  4  5  6  7  8  9 |
---------------+----------------------------+-----
Axes           | 4 5 6 7 |  7.8
Fighting       | 3 4 5 6 |  6.7
Throwing       | 3 4 5 6 7 |  7.8
Air Magic      | 1 2 3 4 |  4.7
Maces & Flails | 3 5 |  5.6
Invocations    | 1 3 |  3.1
Evocations     | 1 2 |  2.8
Dodging        | |  3.2

Action                   |  1- 3 |  4- 6 |  7- 9 || total
-------------------------+-------+-------+-------++-------
Melee: War axe           |    79 |    82 |       ||   161
       Headbutt          |    12 |    19 |    45 ||    76
       Punch             |     2 |       |       ||     2
       Flail             |       |     2 |   167 ||   169
       Whip              |       |       |    21 ||    21
Throw: Stone             |     2 |    52 |    75 ||   129
       Dart              |       |     4 |     4 ||     8
       Boomerang         |       |       |    12 ||    12
Invok: Heroism           |       |       |     2 ||     2
  Use: Scroll            |       |       |    12 ||    12
Armor: Leather armour    |    18 |    10 |       ||    28
       Ring mail         |       |       |    83 ||    83
Dodge: Dodged            |    65 |    45 |   108 ||   218
